AoeStats
← polom.s1989

Arena

510107607Analyzed
4v4 RM · 4d ago on Sep 29, 2026· 36m 19s· 8 players
Game mode
Random Map
Map size
Large (8 player)
Population
200
Speed
Normal
Resources
Standard
Victory
Conquest
Starting age
Dark Age
Ending age
Imperial Age
RankedLock teamsTeams togetherTeam positionsShared explorationLock speedFull tech treeHidden civsTurbo modeCheats
Victory
Defeat
🇺🇦 Muisca · Ukraine
1558
+15
🇨🇿 Inca · Czechia
1524
+17
🇺🇸 Huns · United States
1451
+20
🇺🇸 Khmer · United States
1427
+20
🇪🇸 Ethiopians · Spain
1611
-21
🇨🇳 Wei · China
1551
-19
🇭🇰 Khmer · Hong Kong SAR China
1532
-18
🇮🇳 Bengalis · India
1438
-14
polom.s1989
0:27 Loom
7:31 Loom
11:02 Feudal Age
18:20 Castle Age
16:41 Horse Collar
17:00 Double-Bit Axe
17:32 Stone Mining
18:12 Gold Mining
19:23 Bow Saw
20:10 Heavy Plow
22:48 Wheelbarrow
22:19 Champi Runner
23:01 Squires
28:09 Forging
27:59 Scale Mail Armor
30:04 Iron Casting
30:41 Hand Cart
31:54 Chain Mail Armor
36:38 Imperial Age
Karabas
11:22 Feudal Age
15:16 Castle Age
13:33 Double-Bit Axe
20:59 Imperial Age
18:26 Gold Mining
19:55 Sanctity
21:58 Block Printing
22:25 Illumination
27:10 Theocracy
26:49 Fervor
27:23 Scale Mail Armor
28:20 Wheelbarrow
27:30 Town Watch
28:42 Redemption
29:01 Squires
32:11 Elite Temple Guard
34:53 Chain Mail Armor
34:49 Forging
Problem
10:56 Feudal Age
14:33 Castle Age
12:27 Double-Bit Axe
12:51 Horse Collar
15:32 Bow Saw
22:22 Loom
23:23 Scale Barding Armor
23:51 Bloodlines
23:42 Husbandry
24:49 Chain Barding Armor
25:28 Forging
26:37 Marauders
27:22 Wheelbarrow
26:32 Town Watch
30:35 Imperial Age
28:56 Husbandry
28:58 Gold Mining
30:36 Elite Tarkan
31:40 Conscription
32:59 Plate Barding Armor
33:14 Iron Casting
Milady
10:58 Feudal Age
14:36 Castle Age
12:37 Gold Mining
12:36 Double-Bit Axe
23:12 Horse Collar
28:24 Loom
31:33 Imperial Age
29:21 Light Cavalry
30:11 Bloodlines
30:23 Forging
30:19 Scale Barding Armor
30:31 Scale Barding Armor
30:52 Husbandry
33:13 Heavy Scorpion
adi.rathore
11:09 Feudal Age
15:02 Castle Age
13:39 Double-Bit Axe
14:19 Horse Collar
20:09 Wheelbarrow
24:27 Loom
28:22 Scale Barding Armor
28:30 Bloodlines
28:58 Forging
29:55 Devotion
31:15 Light Cavalry
_
10:39 Feudal Age
13:41 Castle Age
11:56 Double-Bit Axe
12:22 Horse Collar
14:39 Bow Saw
18:16 Wheelbarrow
18:46 Heavy Plow
19:51 Stone Mining
20:50 Gold Mining
33:40 Loom
34:50 Fletching
35:19 Hand Cart
milarreach
9:25 Feudal Age
13:14 Castle Age
11:43 Double-Bit Axe
12:09 Horse Collar
14:15 Bow Saw
16:11 Loom
17:28 Town Watch
23:55 Gold Mining
23:56 Stone Mining
25:04 Heavy Plow
25:42 Wheelbarrow
29:50 Imperial Age
27:56 Hand Cart
27:54 Scale Mail Armor
28:41 Forging
29:29 Chain Mail Armor
30:04 Iron Casting
30:01 Royal Heirs
30:45 Iron Casting
31:33 Chemistry
30:59 Conscription
30:00 Elite Shotel Warrior
31:11 Plate Mail Armor
30:43 Squires
30:28 Arson
32:43 Blast Furnace
33:37 Siege Engineers
33:10 Halberdier
34:28 Fortified Wall
中药人
9:54 Feudal Age
13:42 Castle Age
12:22 Double-Bit Axe
12:51 Horse Collar
15:41 Bow Saw
22:24 Heavy Plow
23:56 Wheelbarrow
24:24 Gold Mining
25:52 Gold Shaft Mining
25:08 Stone Mining
28:48 Imperial Age
26:04 Loom
26:44 Husbandry
26:54 Bloodlines
28:01 Hand Cart
27:35 Town Watch
28:14 Scale Barding Armor
28:54 Forging
29:50 Conscription
28:55 Heavy Hei Guang Cavalry
29:57 Chain Barding Armor
29:11 Light Cavalry
29:57 Devotion
31:06 Faith
32:03 Iron Casting
32:08 Hussar
Connection lost

Rejoining the realm…

Still unreachable

The connection could not be restored.

Session expired

The server has moved on; the page needs a fresh start.